 Dungeon Crawl Stone Soup version 0.27-a0-1287-gca74d27db6 (webtiles) character file.

Game seed: 7841013053954458839

84 siradein the Chopper (level 4, -5/37 HPs)
             Began as a Palentonga Fighter on June 14, 2021.
             Slain by a gnoll (10 damage)
             ... on level 2 of the Dungeon on June 15, 2021.
             The game lasted 00:02:33 (1257 turns).

siradein the Chopper (Palentonga Fighter)           Turns: 1257, Time: 00:02:35

Health: -5/37      AC:  6    Str: 20    XL:     4   Next: 24%
Magic:  4/4        EV:  5    Int:  9    God:
Gold:   39         SH:  8    Dex:  9    Spells: 3/3 levels left

rFire    . . .     SeeInvis +   a - +0 war axe
rCold    . . .     Faith    .   c - +0 kite shield
rNeg     . . .     Spirit   .   b - +0 scale mail
rPois    .         Reflect  .   (no helmet)
rElec    .         Harm     .   (no cloak)
rCorr    .         Rampage  .   (no gloves)
Will     .....                  (no barding)
Stlth    ..........             (no amulet)
HPRegen  0.12/turn              (no ring)
MPRegen  0.09/turn              (no ring)

@: no status effects
A: large, rugged brown scales 3, see invisible, deformed body, roll 1, armoured
tail
a: Rolling Charge


You were on level 2 of the Dungeon.
You visited 1 branch of the dungeon, and saw 2 of its levels.

You collected 39 gold pieces.

Inventory:

Hand Weapons
 a - a +0 war axe (weapon)
Armour
 b - a +0 scale mail (worn)
 c - a +0 kite shield (worn)
Scrolls
 e - a scroll of blinking {unknown}
 f - 2 scrolls of vulnerability {unknown}
 g - 2 scrolls of identify {unknown}
 h - a scroll of teleportation {unknown}
Potions
 d - a potion of might
 i - a potion of mutation {unknown}
 j - a potion of resistance {unknown}
 k - a potion of curing {unknown}


   Skills:
 - Level 3.0 Fighting
 + Level 4.5 Axes
 - Level 2.4 Armour
 - Level 2.4 Shields


You had 3 spell levels left.
You didn't know any spells.
Your spell library contained the following spells:

 Spells                   Type           Power      Damage    Failure   Level
 Beastly Appendage        Tmut           0%         N/A       99%         1
 Corona                   Hex            0%         N/A       99%         1
 Ensorcelled Hibernation  Hex/Ice        0%         N/A       100%        2
 Wereblood                Tmut           0%         N/A       100%        2
 Confusing Touch          Hex            0%         N/A       100%        3
 Dazzling Flash           Conj/Hex       0%         N/A       100%        3
 Spider Form              Tmut/Pois      0%         N/A       100%        3
 Tukima's Dance           Hex            0%         N/A       100%        3
 Ice Form                 Ice/Tmut       0%         N/A       100%        4


Dungeon Overview and Level Annotations

Branches:
Dungeon (2/15)

Altars:


Innate Abilities, Weirdness & Mutations

You are completely covered in rugged brown scales. (AC +3, +7% HP)
You have supernaturally acute eyesight. (SInv)
Armour fits poorly on your strangely shaped body.
You can roll at nearby foes to attack.
You have a long armoured tail.


Message History

Jessica is almost dead.
Jessica hits you with a +0 club.
Jessica looks very angry.
Jessica hits you with a +0 club.
You hit Jessica.
You kill Jessica!
You block the kobold's attack.
You have reached level 4!
You feel clever.
You hit the kobold but do no damage. The kobold barely misses you.
The kobold hits you but does no damage.
You slash the kobold!
You kill the kobold!
A dart slug comes into view.
You block the gnoll's attack. The gnoll hits you but does no damage.
The gnoll hits you with a +0 whip.
Items here: )) [ ††.
You hit the gnoll.
The gnoll is moderately wounded.
You slash the gnoll! The gnoll hits you but does no damage.
The gnoll hits you with a +0 halberd. The gnoll barely misses you.
You block the gnoll's attack.
You barely miss the gnoll.
The gnoll is moderately wounded.
You hit the gnoll but do no damage. You block the gnoll's attack.
The gnoll hits you with a +0 whip. You block the gnoll's attack.
The gnoll barely misses you. The gnoll hits you with a +0 whip.
You closely miss the gnoll.
The gnoll is moderately wounded.
You barely miss the gnoll.
The gnoll hits you from afar with a +0 spear.
The gnoll barely misses you. You block the gnoll's attack. x2
You completely miss the gnoll.
The gnoll is heavily wounded.
You hit the gnoll. The gnoll hits you with a +0 halberd!
* * * LOW HITPOINT WARNING * * *
The gnoll hits you with a +0 whip.
* * * LOW HITPOINT WARNING * * *
You block the gnoll's attack. The gnoll hits you with a +0 halberd!
You die...

g......####..
.......#....###.
................
..$.............
...............
........w....
..........##
..........g####
........##gg@.#
........#####g#
.......## #.# .......
#.#
...##...#####.#######
###
#.#.............##
..#.(............##
..............(.#
................#


You could see 3 gnolls, a dart slug and a hobgoblin.

Vanquished Creatures
  Jessica (D:2)
  An adder (D:2)
  A dart slug (D:1)
  2 ball pythons (D:1)
  An endoplasm (D:1)
  A giant cockroach (D:1)
  6 goblins (D:1)
  3 hobgoblins (D:1)
  13 jackals (D:1)
  5 bats (D:1)
  4 kobolds
  A rat (D:2)
39 creatures vanquished.

Vanquished Creatures (others)
  9 plants (D:1)
9 creatures vanquished.

Grand Total: 48 creatures vanquished

Notes
Turn   | Place    | Note
-------+----------+-------------------------------------------
     0 | D:1      | siradein the Palentonga Fighter began the quest for the
                  | Orb.
     0 | D:1      | Reached XP level 1. HP: 19/19 MP: 1/1
   207 | D:1      | Reached XP level 2. HP: 25/25 MP: 2/2
   217 | D:1      | Reached skill level 3 in Axes
   430 | D:1      | Reached XP level 3. HP: 31/31 MP: 3/3
  1168 | D:2      | Reached skill level 4 in Axes
  1238 | D:2      | Noticed Jessica
  1250 | D:2      | Killed Jessica
  1251 | D:2      | Reached XP level 4. HP: 27/37 MP: 4/4
  1257 | D:2      | Slain by a gnoll

Illustrated notes

Levels and vault maps discovered:
D:1:      dpeg_arrival_boxes_within_box, layout_basic, serial_forest,
          infiniplex_forest_clump_curved, infiniplex_forest_clump_small,
          infiniplex_forest_clump_diagonal, infiniplex_forest_straight_3,
          infiniplex_forest_corner_1, infiniplex_forest_split,
          infiniplex_forest_end_2, infiniplex_forest_fountain,
          infiniplex_forest_lined_room_2, infiniplex_forest_lined_3,
          minmay_box_of_dots
D:2:      layout_rooms, uniq_jessica, uniq_crazy_yiuf_cottage

Skill      XL: |  1  2  3 |
---------------+----------+-----
Axes           | 3 4 |  4.5
Fighting       | |  3.0
Armour         | |  2.4
Shields        | |  2.4

Action                   |  1- 3 |  4- 6 || total
-------------------------+-------+-------++-------
Melee: War axe           |    92 |     6 ||    98
       Tailslap          |     6 |       ||     6
 Abil: Rolling Charge    |     6 |       ||     6
Armor: Scale mail        |    68 |     3 ||    71
Dodge: Dodged            |    17 |     4 ||    21
Block: Kite shield       |    67 |     7 ||    74

Table legend: (Time is in decaauts)
 A = Elapsed time spent in this place.
 B = Non-inter-level travel time spent in this place.
 C = Inter-level travel time spent in this place.
 D = Time resting spent in this place.
 E = Time spent auto-exploring this place.
 F = Levels seen in this place.
 G = Mean time per level.
                   A        B        C        D        E       F      G
               +--------+--------+--------+--------+--------+-----+--------+
         Total |   1310 |   1300 |     10 |      0 |   1076 |   2 |  655.0 |
       Dungeon |   1310 |   1300 |     10 |      0 |   1076 |   2 |  655.0 |
               +--------+--------+--------+--------+--------+-----+--------+

Top non-repeatable levels by time:
     D:1: 1211 daAuts
     D:2: 98 daAuts
